 Dungeon Crawl Stone Soup version 0.30.0-29-ga12c61a403 (webtiles) character file.

Game seed: 118817199377729247

2666 AIAndy the Fighter (level 9, -16/79 HPs)
             Began as a Demonspawn Fighter on June 21, 2023.
             Was an Elder of Fedhas.
             Demolished by an ogre
             ... wielding a +0 giant club
              (30 damage)
             ... on level 6 of the Dungeon.
             The game lasted 00:31:38 (5450 turns).

AIAndy the Fighter (Demonspawn Fighter)             Turns: 5450, Time: 00:31:39

Health: -16/79     AC:  9    Str: 14    XL:     9   Next: 37%
Magic:  14/14      EV: 10    Int: 21    God:    Fedhas [****..]
Gold:   277        SH:  5    Dex: 18    Spells: 8/8 levels left

rFire   . . .        A - +1 hammer of Annihilation {vamp, Str-4 Int+3 Dex+5}
rCold   . . .        c - +0 buckler
rNeg    . . .        B - +0 swamp dragon scales
rPois   +            (no helmet)
rElec   .            z - +0 cloak
rCorr   .            (no gloves)
SInv    .            (no boots)
Will    .....        d - amulet of regeneration
Stlth   +            g - +6 ring of intelligence
HPRegen 1.13/turn    (no ring)
MPRegen 0.14/turn

%: no passive effects
@: marked
A: ignite blood 1, sturdy frame 1
a: Renounce Religion, Wall of Briars, Grow Ballistomycete, Overgrow


You were on level 6 of the Dungeon.
You worshipped Fedhas.
Fedhas was greatly pleased with you.
You visited 1 branch of the dungeon, and saw 6 of its levels.

You collected 277 gold pieces.

Inventory:

Hand Weapons
 b - a +2 whip of freezing
 f - a +1 dagger of venom
 j - a +1 short sword of draining
 u - a +2 quarterstaff of chaos
 w - a +2 heavy glaive
 A - the +1 hammer of Annihilation (weapon) {vamp, Str-4 Int+3 Dex+5}
   (You found it on level 4 of the Dungeon)

   Str:       It affects your strength (-4).
   Int:       It affects your intelligence (+3).
   Dex:       It affects your dexterity (+5).
 F - a +0 rapier of protection
Missiles
 x - 4 poisoned darts (quivered)
 D - 3 javelins
Armour
 c - a +0 buckler (worn)
 o - +0 acid dragon scales
 z - a +0 cloak (worn)
 B - +0 swamp dragon scales (worn)
Jewellery
 d - an amulet of regeneration (around neck)
 g - a +6 ring of intelligence (left hand)
 C - an amulet of reflection
Scrolls
 a - a scroll of immolation {unknown}
 i - 2 scrolls of magic mapping {unknown}
 l - 5 scrolls of identify {unknown}
 m - 2 scrolls of enchant weapon {unknown}
 p - 2 scrolls of teleportation {unknown}
 q - a scroll of amnesia {unknown}
 r - 2 scrolls of silence {unknown}
 s - a scroll of fear {unknown}
 t - a scroll of butterflies {unknown}
 y - a scroll of enchant armour {unknown}
 E - 2 scrolls of noise {unknown}
Potions
 e - 4 potions of flight
 h - a potion of attraction {unknown}
 k - a potion of heal wounds
 n - 3 potions of curing
 v - a potion of brilliance {unknown}


   Skills:
 + Level 10.5 Fighting
 - Level 1.7 Short Blades
 + Level 4.1 Maces & Flails
 + Level 2.9 Armour
 - Level 4.0 Shields
 - Level 6.9 Invocations


You had 8 spell levels left.
You didn't know any spells.
Your spell library contained the following spells:

 Spells                   Type           Power      Damage    Failure   Level
 Magic Dart               Conj           0%         1d3       32%         1
 Call Imp                 Summ           0%         N/A       45%         2
 Mephitic Cloud           Conj/Pois/Air  0%         N/A       69%         3
 Vhi's Electric Charge    Tloc/Air       0%         N/A       69%         3
 Arcjolt                  Conj/Air       0%         1d10      100%        5
 Plasma Beam              Fire/Air       0%         2x1d11    100%        6


Dungeon Overview and Level Annotations

Branches:
Dungeon (6/15)             Temple (0/1) D:5

Altars:
Ashenzari
Fedhas
Hepliaklqana
Ru
Xom

Shops:
D:2 (


Innate Abilities, Weirdness & Mutations

Your demonic aura sometimes causes spilled blood to erupt in flames.
Your movements are slightly less encumbered by armour. (ER -2)


Message History

An ogre comes into view. It is wielding a +0 giant club.
Throw: 7 darts (poison)
Press: ? - help, Q - select action, (/) - cycle Shift-Dir - straight line, f - ogre
Aim: an ogre, wielding a +0 giant club (79% to hit)
You throw a poisoned dart. The poisoned dart hits the ogre.
The ogre is poisoned.
Throw: 6 darts (poison)
Press: ? - help, Q - select action, (/) - cycle Shift-Dir - straight line, f/p - ogre
Aim: an ogre, wielding a +0 giant club (lightly wounded, poisoned, 79% to hit)
You throw a poisoned dart. The poisoned dart hits the ogre.
The ogre looks even sicker.
The ogre is lightly wounded.
Throw: 5 darts (poison)
Press: ? - help, Q - select action, (/) - cycle Shift-Dir - straight line, f/p - ogre
Aim: an ogre, wielding a +0 giant club (lightly wounded, very poisoned, 79% to hit)
You throw a poisoned dart. The poisoned dart hits the ogre.
The ogre is lightly wounded.
You barely miss the ogre.
The ogre is lightly wounded.
The ogre hits you with a +0 giant club!!
You hit the ogre but do no damage.
The ogre is moderately wounded.
The ogre hits you with a +0 giant club!
You thump the ogre!
You feel better.
The ogre is severely wounded.
The ogre hits you with a +0 giant club!
You are too injured to fight recklessly!
You are too injured to fight recklessly!
You barely miss the ogre.
The ogre is severely wounded.
You hit the ogre.
The ogre is severely wounded.
The ogre hits you with a +0 giant club!!
* * * LOW HITPOINT WARNING * * *
Okay, then.
You barely miss the ogre.
The ogre is severely wounded.
The ogre hits you with a +0 giant club!!
You die...
Fedhas appreciates your contribution to the ecosystem.

#...## ###....
....# ##... ##
...# ##.. ##.
#.. #.. ###.(
#.. ...(## ###
#..(# # #.O##
#. #.@.## #.#
##...## #
#..####....#...
#..##.......#
#..........#
....#
#..####...##
#.... ##.##
#.[## #...##
#..# #...#
#..... #†##
#...# #.....


You could see an ogre (poisoned).

Vanquished Creatures
  Pikel (D:4)
  Maggie (D:6)
  A hornet (D:6)
  Sigmund (D:2)
  Eustachio (D:6)
  An acid dragon (D:4)
  A water moccasin (D:6)
  An orc warrior (D:6)
  An ice beast (D:5)
  An ogre (D:5)
  A centaur (D:5)
  A lemure (D:4)
  A scorpion (D:5)
  2 jellies
  2 hounds (D:5)
  Crazy Yiuf (D:4)
  5 orc priests
  3 iguanas
  5 orc wizards
  7 gnolls
  13 adders
  2 ufetubi (D:6)
  2 worms
  6 dart slugs
  18 orcs
  6 ball pythons
  6 endoplasms
  A giant cockroach (D:1)
  7 goblins
  7 hobgoblins
  4 jackals (D:1)
  3 quokkas
  4 bats
  2 frilled lizards (D:2)
  6 kobolds
  9 rats
134 creatures vanquished.

Vanquished Creatures (collateral kills)
  2 lemures (D:4)
  An endoplasm (D:4)
  4 ballistomycete spores (D:6)
7 creatures vanquished.

Vanquished Creatures (others)
  An orc (D:6)
1 creature vanquished.

Grand Total: 142 creatures vanquished

Notes
Turn   | Place    | Note
-------+----------+-------------------------------------------
     0 | D:1      | AIAndy the Demonspawn Fighter began the quest for the Orb.
     0 | D:1      | Reached XP level 1. HP: 18/18 MP: 1/1
   144 | D:1      | Gained mutation: Your demonic aura sometimes causes spilled
                  | blood to erupt in flames. [demonic ancestry]
   144 | D:1      | Reached XP level 2. HP: 21/24 MP: 2/2
   267 | D:1      | Found a faded altar of an unknown god.
   276 | D:1      | Prayed at the altar of an unknown god.
   276 | D:1      | Became a worshipper of Fedhas Madash
   276 | D:1      | Reached * piety under Fedhas
   602 | D:1      | Reached skill level 4 in Fighting
  1199 | D:2      | Reached XP level 3. HP: 28/30 MP: 3/3
  1399 | D:2      | Reached ** piety under Fedhas
  1494 | D:2      | Found Saffua's Antique Weapon Shop.
  1711 | D:2      | Noticed Sigmund
  1719 | D:2      | Killed Sigmund
  1720 | D:2      | Reached skill level 6 in Fighting
  1720 | D:2      | Reached XP level 4. HP: 36/41 MP: 4/4
  1720 | D:2      | Reached XP level 5. HP: 41/47 MP: 5/5
  1924 | D:3      | Reached XP level 6. HP: 27/53 MP: 6/6
  2143 | D:3      | Reached skill level 1 in Invocations
  2336 | D:3      | Found a sacrificial altar of Ru.
  2382 | D:3      | Found a faded altar of an unknown god.
  2384 | D:3      | Found a hazy altar of Hepliaklqana.
  2407 | D:3      | Reached skill level 7 in Fighting
  2458 | D:3      | Found a shimmering altar of Xom.
  2932 | D:4      | Reached *** piety under Fedhas
  3036 | D:4      | Noticed an acid dragon
  3053 | D:4      | Killed an acid dragon
  3054 | D:4      | Reached XP level 7. HP: 38/61 MP: 6/10
  3207 | D:4      | Found a broken altar of Ashenzari.
  3214 | D:4      | Noticed Pikel
  3248 | D:4      | Killed Pikel
  3249 | D:4      | Reached skill level 8 in Fighting
  3249 | D:4      | Gained mutation: Your movements are slightly less
                  | encumbered by armour. (ER -2) [demonic ancestry]
  3249 | D:4      | Reached XP level 8. HP: 22/69 MP: 9/13
  3426 | D:4      | Found a runed translucent door.
  3427 | D:4      | Noticed Crazy Yiuf
  3524 | D:4      | Killed Crazy Yiuf
  3542 | D:4      | Identified the +1 hammer of Annihilation {vamp, Str-4 Int+3
                  | Dex+5}
  3823 | D:5      | Entered Level 5 of the Dungeon
  3889 | D:5      | Reached skill level 9 in Fighting
  3889 | D:5      | Reached skill level 1 in Maces & Flails
  4032 | D:5      | Found a staircase to the Ecumenical Temple.
  4588 | D:6      | Noticed a hornet
  4590 | D:6      | Noticed Maggie
  4594 | D:6      | Paralysed by a hornet for 1 turns
  4598 | D:6      | Killed a hornet
  4601 | D:6      | Killed Maggie
  4602 | D:6      | Reached XP level 9. HP: 62/78 MP: 7/14
  4618 | D:6      | Reached skill level 10 in Fighting
  4721 | D:6      | Noticed Eustachio
  4757 | D:6      | Killed Eustachio
  5362 | D:6      | Reached **** piety under Fedhas
  5450 | D:6      | Demolished by an ogre

Illustrated notes

Levels and vault maps discovered:
D:1:      dpeg_arrival_tiny_f, layout_basic,
          dreamdust_ecumenical_altar_hidden_monk_grotto
D:2:      layout_rooms, serial_shops, nicolae_shop_hallway_stairs, uniq_sigmund
D:3:      layout_rooms, old_standard_altar, mainiacjoe_overflow_catwalk_spiral,
          beargit_hepliaklqana_dungeon_heroes
D:4:      layout_basic, ashenzari_altar_1, st_stairs_13, uniq_pikel,
          uniq_crazy_yiuf_cottage
D:5:      layout_cave_pools, minmay_temple_entry_butterflies
D:6:      layout_layer_cave, lemuel_coloured_pillars_altar, uniq_eustachio,
          uniq_maggie

Skill      XL: |  1  2  3  4  5  6  7  8  9 |
---------------+----------------------------+-----
Fighting       | 4 6 7 8 9 10 | 10.5
Invocations    | 4 6 |  6.9
Maces & Flails | 3 4 |  4.1
Shields        | 4 |  4.0
Short Blades   | |  1.7
Armour         | |  2.9

Action                     |  1- 3 |  4- 6 |  7- 9 || total
---------------------------+-------+-------+-------++-------
  Melee: Rapier            |   153 |   182 |    38 ||   373
         Mace              |       |       |   190 ||   190
  Throw: Dart              |     1 |    10 |    26 ||    37
 Invoke: Wall of Briars    |       |     1 |     2 ||     3
         Grow Ballistomyce |       |     1 |     1 ||     2
  Evoke: Wand              |       |     6 |    10 ||    16
    Use: Potion            |     1 |     3 |     2 ||     6
   Stab: Distracted        |       |       |     1 ||     1
 Armour: Scale mail        |    83 |    72 |       ||   155
         Acid dragon scale |       |       |    60 ||    60
         Swamp dragon scal |       |       |    40 ||    40
  Dodge: Dodged            |    50 |    77 |   141 ||   268
  Block: Buckler           |    31 |    41 |    72 ||   144
